 Dungeon Crawl Stone Soup version 0.30.0-15-g856e2d3f33 (webtiles) character file.

Game seed: 653434689821132056

124126 Kenran the Fencer (level 16, -3/151 HPs)
             Began as a Minotaur Gladiator on May 18, 2023.
             Was the Champion of Fedhas.
             Succumbed to Donald's poison
             ... on level 1 of the Orcish Mines.
             The game lasted 00:52:18 (25100 turns).

Kenran the Fencer (Minotaur Gladiator)             Turns: 25100, Time: 00:52:19

Health: -3/151     AC: 28    Str: 21    XL:     16   Next: 38%
Magic:  12/12      EV: 12    Int:  8    God:    Fedhas [******]
Gold:   736        SH:  0    Dex: 18    Spells: 15/15 levels left

rFire   + + +        b - +6 arbalest "Damnation" {damnation}
rCold   + . .        (shield currently unavailable)
rNeg    . . .        B - +4 plate armour {rF+}
rPois   .            c - +0 hat
rElec   .            y - +0 cloak
rCorr   .            J - +2 pair of gloves "Minwamec" {Int+3}
SInv    .            W - +1 pair of boots
Will    +....        R - amulet of regeneration Stlth
                     M - ring of protection from cold
HPRegen 1.25/turn    S - ring "Yneow" {Fly rF++ MP-9}
MPRegen 0.13/turn

%: no passive effects
@: lethally poisoned (-3 -> -40), flying
A: horns 2, retaliatory headbutt
a: Renounce Religion, Wall of Briars, Grow Ballistomycete, Overgrow, Grow Oklob


You were on level 1 of the Orcish Mines.
You worshipped Fedhas.
Fedhas was exalted by your worship.
You visited 4 branches of the dungeon, and saw 23 of its levels.
You also visited: Bailey and Ice Cave.

You collected 2580 gold pieces.
You spent 1844 gold pieces at shops.

Inventory:

Hand Weapons
 a - a +4 scimitar of flaming
 b - the +6 arbalest "Damnation" (weapon) {damnation}
   (You found it on level 11 of the Dungeon)
 Z - a +0 great sword of electrocution
Missiles
 d - 4 throwing nets
 e - 9 javelins
 G - 2 silver javelins
Armour
 c - a +0 hat (worn)
 y - a +0 cloak (worn)
 B - a +4 plate armour of fire resistance (worn)
 J - the +2 pair of gloves "Minwamec" (worn) {Int+3}
   (You found it on level 10 of the Dungeon)

   Int:       It affects your intelligence (+3).
 W - a +1 pair of boots (worn)
Jewellery
 m - a ring of willpower
 n - a ring of resist corrosion
 M - a ring of protection from cold (left hand)
 N - a ring of see invisible
 R - an amulet of regeneration (around neck)
 S - the ring "Yneow" (right hand) {Fly rF++ MP-9}
   (You bought it in a shop on level 6 of the Dungeon)

   [ring of flight]

   rF:        It greatly protects you from fire.
   MP:        It affects your magic capacity (-9).
   Fly:       It grants you flight.
Wands
 o - a wand of mindburst (13)
 x - a wand of quicksilver (11)
 C - a wand of digging (6)
 I - a wand of flame (18)
 K - a wand of iceblast (6)
 Y - a wand of polymorph (6)
Scrolls
 j - 3 scrolls of blinking
 l - 2 scrolls of fog
 p - 6 scrolls of vulnerability {!r}
 r - 2 scrolls of enchant weapon
 s - 3 scrolls of identify {@r1}
 u - 2 scrolls of summoning
 w - 6 scrolls of magic mapping
 z - 3 scrolls of fear
 A - 5 scrolls of enchant armour
 H - 4 scrolls of teleportation
 L - 5 scrolls of immolation {!r}
 T - a scroll of poison {!r}
 V - a scroll of silence
Potions
 f - 2 potions of ambrosia
 g - 2 potions of cancellation
 i - 8 potions of curing {@q1}
 k - 5 potions of mutation {!q}
 q - 6 potions of flight
 t - 5 potions of heal wounds {@q2}
 v - 2 potions of haste
 D - 2 potions of magic
 E - 3 potions of lignification {!q}
 F - a potion of resistance
 O - 8 potions of attraction {!q}
 P - 2 potions of invisibility
 Q - 2 potions of berserk rage {!q}
 X - 2 potions of might
Miscellaneous
 h - a phial of floods
 U - a condenser vane


   Skills:
 - Level 16.0 Fighting
 - Level 16.0 Long Blades
 + Level 15.3 Ranged Weapons
 - Level 2.0 Throwing
 - Level 14.0 Armour
 - Level 10.0 Dodging
 - Level 3.0 Shields
 + Level 8.0 Invocations
 - Level 5.0 Evocations


You had 15 spell levels left.
You didn't know any spells.
Your spell library contained the following spells:

 Spells                   Type           Power      Damage    Failure   Level
 Apportation              Tloc           0%         N/A       99%         1
 Beastly Appendage        Tmut           0%         N/A       99%         1
 Magic Dart               Conj           0%         1d3       99%         1
 Sandblast                Erth           0%         2d4       99%         1
 Shock                    Conj/Air       0%         1d3       99%         1
 Slow                     Hex            0%         N/A       99%         1
 Sting                    Tmut/Pois      0%         1d3       99%         1
 Cigotuvi's Dreadful Rot  Necr/Pois/Air  0%         N/A       100%        2
 Passwall                 Tmut/Erth      0%         N/A       100%        2
 Poisonous Vapours        Pois/Air       0%         N/A       100%        2
 Searing Ray              Conj           0%         2d4       100%        2
 Wereblood                Tmut           0%         N/A       100%        2
 Confusing Touch          Hex            0%         N/A       100%        3
 Dazzling Flash           Conj/Hex       0%         N/A       100%        3
 Gell's Gravitas          Tloc           0%         N/A       100%        3
 Mephitic Cloud           Conj/Pois/Air  0%         N/A       100%        3
 Ozocubu's Armour         Ice            0%         N/A       100%        3
 Spider Form              Tmut/Pois      0%         N/A       100%        3
 Stone Arrow              Conj/Erth      0%         3d7       100%        3
 Swiftness                Air            0%         N/A       100%        3
 Teleport Other           Tloc           0%         N/A       100%        3
 Vampiric Draining        Necr           0%         2d6       100%        3
 Vhi's Electric Charge    Tloc/Air       0%         N/A       100%        3
 Airstrike                Air            0%         2d(0-16)  100%        4
 Dispel Undead            Necr           0%         3d6       100%        4
 Fulminant Prism          Conj/Hex       0%         3d5       100%        4
 Olgreb's Toxic Radiance  Pois           0%         N/A       100%        4
 Agony                    Necr           0%         N/A       100%        5
 Alistair's Intoxication  Tmut/Pois      0%         N/A       100%        5
 Arcjolt                  Conj/Air       0%         1d10      100%        5
 Freezing Cloud           Conj/Ice/Air   0%         6-21      100%        5
 Iskenderun's Battlesphe  Conj           0%         2d6       100%        5
 Metabolic Englaciation   Hex/Ice        0%         N/A       100%        5
 Silence                  Hex/Air        0%         N/A       100%        5
 Death Channel            Necr           0%         N/A       100%        6
 Dispersal                Tloc           0%         N/A       100%        6
 Iron Shot                Conj/Erth      0%         9d1       100%        6
 Plasma Beam              Fire/Air       0%         2x1d11    100%        6
 Simulacrum               Ice/Necr       0%         N/A       100%        6
 Spellforged Servitor     Conj/Summ      0%         N/A       100%        7


Dungeon Overview and Level Annotations

Branches:
Dungeon (15/15)            Temple (1/1) D:6            Lair (5/5) D:8
 Shoals (0/4) Lair:3       Spider (0/4) Lair:3        Slime (0/5) Lair:5
    Orc (2/2) D:9          Vaults (0/5) D:14         Depths (0/4) D:15
 Bailey (visited)           IceCv (visited)
    Elf: Orc:2

Altars:
Ashenzari
Cheibriados
Dithmenos
Elyvilon
Fedhas
Gozag
Hepliaklqana
Kikubaaqudgha
Makhleb
Nemelex Xobeh
Okawaru
Qazlal
Ru
Sif Muna
Trog
Uskayaw
Vehumet
Wu Jian
Xom
Yredelemnul
Zin
The Shining One

Shops:
D:4 *   D:6 =   D:8 (   D:12 *   D:13 *

Annotations:
D:6 3 runed translucent doors, LonelyCrow's ghost, novice HuHu
D:8 exclusion: downstairs
D:10 3 runed translucent doors, Trobe's ghost, weakling FoCK; chromat's ghost, novice DsCK; fedoskokos's ghost, journeyman DjCj; laial's ghost, novice VSVM
D:11 exclusion: downstairs
Lair:1 3 runed translucent doors, LaMa's ghost, journeyman DrIE
Lair:2 exclusion: downstairs
Orc:2 Donald


Innate Abilities, Weirdness & Mutations

You have a pair of horns on your head.
You reflexively headbutt those who attack you in melee.


Message History

You hear a shout! x2
Donald hits you from afar with a +3 demon trident of venom!!
You are poisoned.
Donald says, "I hate you, too."
Donald hits you from afar with a +3 demon trident of venom.
You are more poisoned.
The orc warrior throws a boomerang.
The boomerang hits you but does no damage.
Donald closely misses you.
Fire: b) +6 arbalest "Damnation" {damnation}
Press: ? - help, Q - select action, (/) - cycle Shift-Dir - straight line, f/p - Donald
Aim: Donald, wielding a +3 demon trident of venom, wearing a +0 chain mail of poison resistance and wearing a +0 kite shield (moderately wounded, fast, strong, 82% to hit)
You shoot a damnation bolt.
The damnation bolt hits Donald but does no damage.
Donald is moderately wounded.
The damnation bolt explodes!
The damnation engulfs Donald!
Donald is heavily wounded.
The damnation engulfs something!!
Fedhas appreciates your contribution to the ecosystem.
Reactivating autopickup.
You feel a bit more experienced.
You feel extremely sick.
Donald says, "What do they mine anyway?
I've never seen them mine anything."
Donald hits you from afar with a +3 demon trident of venom!
You are more poisoned.
An orc comes into view. It is wielding a +0 arbalest.
Donald hits you from afar with a +3 demon trident of venom!!
An orc comes into view. It is wielding a +0 short sword.
The orc shouts!
* * * LOW HITPOINT WARNING * * *
You feel extremely sick.
Donald says, "Orcs smell really bad.
Yuck."
Donald hits you from afar with a +3 demon trident of venom!!
* * * LOW HITPOINT WARNING * * *
The orc warrior throws a boomerang.
The boomerang closely misses you. Donald barely misses you.
You fly upwards.
You die...
Fedhas appreciates your contribution to the ecosystem.

##..#..............)[[.#.†......
#...............#..)[####......
##.........[.....#..## #.......
#####..#....[.[..[.....####......
#.#........).......#[.##.#...##..
..........).......#..)#...#.###..
#.#.......).......[#..#..#####...
##..............[)........###...#
##..#..........[@[.........#.....
....#...#......[[[........#.#....
...#....................#........
.##...#.....................#....
####.##.#........................
###................#.#..##.#..
##..#..............##...#..#.
#...##....#.........#........
##.#####.#...........#.....##


There were no monsters in sight!

Vanquished Creatures
  Rupert (D:12)
  Agnes (D:15)
  Kirke (D:12)
  A reaper (IceCv)
  Josephine (D:10)
  A fire dragon (D:15)
  Snorg (Orc:1)
  Harold (D:10)
  6 vault guards
  2 hydras
  An ogre mage (D:15)
  11 two-headed ogres
  4 centaur warriors
  Erica (D:10)
  4 boulder beetles
  A catoblepas (Lair:5)
  A tengu warrior (D:14)
  Urug (D:12)
  An orc high priest (Orc:1)
  3 skysharks
  A fire crab (shapeshifter) (D:11)
  7 deep elf pyromancers
  A necromancer (D:15)
  2 orc knights (Orc:1)
  A deep elf zephyrmancer (D:15)
  A wolf spider zombie (D:15)
  11 ugly things
  3 orc sorcerers
  A cyclops (D:12)
  7 manticores
  15 elephants
  A centaur zombie (D:15)
  3 black mambas
  An ice statue (IceCv)
  A naga mage (D:15)
  9 cane toads
  A gargoyle (D:13)
  A cane toad (shapeshifter) (D:14)
  An unseen horror (D:9)
  A centaur skeleton (D:15)
  Psyche (D:12)
  5 rime drakes
  An efreet (D:11)
  2 kobold demonologists (D:13)
  7 komodo dragons
  2 tengu conjurers
  A wind drake (shapeshifter) (D:14)
  A hornet (shapeshifter) (D:15)
  6 meliai (D:14)
  Grinder (D:3)
  9 polar bears
  10 trolls
  7 hornets
  8 dream sheep (Lair:5)
  18 blink frogs
  A snapping turtle (Lair:3)
  A meliai zombie (D:15)
  14 spriggans (Lair:5)
  Sigmund (D:2)
  A shadow (D:9)
  10 slime creatures (D:15)
  6 wraiths
  37 yaks
  A centaur simulacrum (D:15)
  A dire elephant simulacrum (IceCv)
  A vampire (D:9)
  7 basilisks
  2 hogs (D:12)
  8 wyverns
  3 steam dragons
  5 death yak simulacra (IceCv)
  A golden eye (shapeshifter) (D:13)
  2 redbacks (Lair:3)
  9 vampire mosquitoes
  2 wargs (Orc:1)
  A harpy simulacrum (IceCv)
  14 water moccasins
  2 acid dragons (D:9)
  A sky beast (D:7)
  An ice beast (D:6)
  6 black bears
  21 orc warriors
  19 wolves (Lair:5)
  5 ogres
  4 boggarts (Lair:5)
  A centaur (shapeshifter) (D:13)
  3 centaurs
  5 kobold brigands
  10 bullfrogs
  3 gnoll sergeants
  A scorpion (D:4)
  2 cane toad simulacra (IceCv)
  3 two-headed ogre simulacra (IceCv)
  11 wights
  13 killer bees (D:9)
  An elephant simulacrum (IceCv)
  2 electric eels
  13 howler monkeys
  A lava snake (D:14)
  12 orc priests
  2 gnoll boudas
  A jelly (D:7)
  3 hounds
  2 sleepcaps
  2 iguanas
  19 orc wizards
  3 polar bear simulacra (IceCv)
  3 spriggan simulacra (IceCv)
  11 troll simulacra (IceCv)
  3 wolf simulacra (IceCv)
  Robin (D:3)
  13 gnolls
  5 adders
  5 naga simulacra (IceCv)
  A shadow imp (D:8)
  16 white imps
  4 ufetubi
  2 worms
  2 dart slugs (D:1)
  59 orcs
  6 bats
  7 endoplasms
  2 giant cockroaches (D:1)
  25 goblins
  14 hobgoblins
  3 jackals (D:2)
  3 quokkas
  6 ball pythons
  3 frilled lizards
  16 kobolds
  4 rats
706 creatures vanquished.

Vanquished Creatures (others)
  A gnoll bouda (D:9)
1 creature vanquished.

Grand Total: 707 creatures vanquished

Notes
Turn   | Place    | Note
-------+----------+-------------------------------------------
     0 | D:1      | Kenran the Minotaur Gladiator began the quest for the Orb.
     0 | D:1      | Reached XP level 1. HP: 18/18 MP: 0/0
   343 | D:1      | Reached XP level 2. HP: 19/25 MP: 1/1
   590 | D:1      | Reached skill level 5 in Long Blades
   688 | D:1      | Reached XP level 3. HP: 30/30 MP: 2/2
   816 | D:2      | Found an ancient bone altar of Kikubaaqudgha.
  1164 | D:2      | Noticed Sigmund
  1171 | D:2      | Killed Sigmund
  1172 | D:2      | Reached XP level 4. HP: 37/37 MP: 3/3
  1172 | D:2      | Reached XP level 5. HP: 42/42 MP: 4/4
  1608 | D:3      | Noticed Robin
  1624 | D:3      | Killed Robin
  1947 | D:3      | Reached XP level 6. HP: 45/50 MP: 1/5
  2411 | D:3      | Noticed Grinder
  2425 | D:3      | Killed Grinder
  2729 | D:4      | Reached XP level 7. HP: 56/56 MP: 3/6
  2739 | D:4      | Reached skill level 10 in Long Blades
  3050 | D:4      | Found Locleer's Overcharged Wands.
  3063 | D:4      | Reached skill level 1 in Armour
  3181 | D:4      | Found a hide-covered altar of Uskayaw.
  3784 | D:5      | Entered Level 5 of the Dungeon
  3853 | D:5      | Found a stormy altar of Qazlal.
  4200 | D:5      | Reached XP level 8. HP: 59/66 MP: 4/7
  4575 | D:5      | Found a shimmering altar of Xom.
  4810 | D:6      | Reached skill level 5 in Fighting
  4810 | D:6      | Reached skill level 5 in Armour
  4929 | D:6      | Found Eroek's Jewellery Shoppe.
  4945 | D:6      | Identified the +0 ring mail "Lijuit" {rPois rN+ SInv
                  | Stlth+}
  5101 | D:6      | Found a staircase to the Ecumenical Temple.
  5155 | Temple   | Entered the Ecumenical Temple
  5229 | Temple   | Became a worshipper of Fedhas Madash
  5364 | D:6      | Found a runed translucent gate.
  5364 | D:6      | Found a runed translucent gate.
  5364 | D:6      | Found a runed translucent gate.
  5365 | D:6      | Noticed a spectral unseen horror
  5369 | D:6      | Noticed LonelyCrow's ghost (novice HuHu)
  5431 | D:6      | Identified the +0 scale mail "Futwyschu" {Harm rC- Int+2}
  5722 | D:7      | Found an opulent altar of Gozag.
  5843 | D:7      | Found a sacrificial altar of Ru.
  6275 | D:7      | Reached * piety under Fedhas
  6276 | D:7      | Reached XP level 9. HP: 69/75 MP: 3/8
  6654 | D:8      | Noticed a komodo dragon
  6677 | D:8      | Killed a komodo dragon
  7259 | D:8      | Reached ** piety under Fedhas
  7419 | D:8      | Identified the +1 arbalest "Eviscerator" {penet, Will+}
  7459 | D:8      | Found an iron altar of Okawaru.
  7714 | D:8      | Identified the +1 ring mail "Enatoe" {Rampage rF- Will+
                  | Int+5}
  7935 | D:8      | Found a staircase to the Lair.
  8005 | D:8      | Found Nenup's Antique Weapon Shop.
  8400 | D:9      | Reached XP level 10. HP: 90/90 MP: 6/9
  8611 | D:9      | Reached skill level 10 in Fighting
  8745 | D:9      | Noticed a white ugly thing
  9038 | D:9      | Reached *** piety under Fedhas
  9103 | D:9      | Noticed a centaur warrior
  9184 | D:9      | Killed a centaur warrior
  9208 | D:9      | Reached skill level 10 in Armour
  9288 | D:9      | Noticed a centaur warrior
  9302 | D:9      | Killed a centaur warrior
  9593 | D:9      | Noticed a two-headed ogre
  9606 | D:9      | Killed a two-headed ogre
  9607 | D:9      | Reached XP level 11. HP: 17/101 MP: 10/10
  9905 | D:9      | Noticed a deep elf pyromancer
 10197 | D:9      | Noticed a two-headed ogre
 10200 | D:9      | Noticed a deep elf pyromancer
 10211 | D:9      | Killed a two-headed ogre
 10212 | D:9      | Reached skill level 5 in Evocations
 10224 | D:9      | Reached skill level 1 in Invocations
 10236 | D:9      | Killed a deep elf pyromancer
 10413 | D:9      | Noticed a boulder beetle
 10440 | D:9      | Killed a boulder beetle
 10481 | D:9      | Reached **** piety under Fedhas
 10686 | D:10     | Entered Level 10 of the Dungeon
 10686 | D:10     | Noticed Erica
 10763 | D:10     | Identified the +2 pair of gloves "Minwamec" {Int+3}
 10830 | D:10     | Killed Erica
 10959 | D:10     | Reached skill level 5 in Invocations
 11062 | D:10     | Noticed Josephine
 11097 | D:10     | Killed Josephine
 11098 | D:10     | Reached skill level 15 in Long Blades
 11098 | D:10     | Reached XP level 12. HP: 33/110 MP: 14/14
 11117 | D:10     | Found a runed translucent gate.
 11117 | D:10     | Found a runed translucent gate.
 11117 | D:10     | Found a runed translucent gate.
 11117 | D:10     | Noticed laial's ghost (novice VSVM)
 11132 | D:10     | Found a flagged portal.
 11147 | Bailey   | Entered a bailey
 11511 | Bailey   | Found a burning altar of Makhleb.
 11590 | D:10     | Noticed fedoskokos's ghost (journeyman DjCj)
 11590 | D:10     | Noticed Trobe's ghost (weakling FoCK)
 11592 | D:10     | Noticed chromat's ghost (novice DsCK)
 11626 | D:10     | Noticed a two-headed ogre
 11628 | D:10     | Noticed Harold
 11642 | D:10     | Killed a two-headed ogre
 11654 | D:10     | Killed Harold
 12116 | D:10     | Noticed a four-headed hydra
 12121 | D:10     | Killed a one-headed hydra
 12686 | D:11     | Found the +6 arbalest "Damnation" {damnation}
 12695 | D:11     | Noticed a boulder beetle
 12710 | D:11     | Killed a boulder beetle
 12711 | D:11     | Reached skill level 5 in Dodging
 12786 | D:11     | HP: 5/112 [something (28)]
 13715 | D:6      | Bought an amulet of regeneration for 360 gold pieces
 13715 | D:6      | Bought the ring "Yneow" {Fly rF++ MP-9} for 277 gold pieces
 13831 | Lair:1   | Entered Level 1 of the Lair of Beasts
 13840 | Lair:1   | Reached ***** piety under Fedhas
 13841 | Lair:1   | Reached skill level 1 in Ranged Weapons
 13894 | Lair:1   | Noticed LaMa's ghost (journeyman DrIE)
 14188 | Lair:1   | Found a runed translucent gate.
 14189 | Lair:1   | Found a runed translucent gate.
 14190 | Lair:1   | Found a runed translucent gate.
 14568 | Lair:2   | Reached skill level 5 in Ranged Weapons
 14603 | Lair:2   | Found a frozen archway.
 14636 | IceCv    | Entered an ice cave
 14720 | IceCv    | Found the +4 skin of Zhor {*Englaciate rC+++ SInv}
 14857 | IceCv    | Noticed a reaper
 14858 | IceCv    | Reached XP level 13. HP: 118/118 MP: 6/15
 14861 | IceCv    | Killed a reaper
 14904 | IceCv    | Identified the +2 robe "Sumuaxum" {rF++}
 14973 | IceCv    | Reached ****** piety under Fedhas
 15871 | Lair:3   | Found a hole to the Spider Nest.
 15877 | Lair:3   | Reached skill level 10 in Ranged Weapons
 16216 | Lair:3   | Found a sparkling altar of Nemelex Xobeh.
 16294 | Lair:3   | Found a staircase to the Shoals.
 17283 | Lair:5   | Entered Level 5 of the Lair of Beasts
 17606 | Lair:5   | Found a staircase to the Slime Pits.
 17698 | Lair:5   | Reached XP level 14. HP: 119/132 MP: 7/16
 17712 | Lair:5   | Reached XP level 15. HP: 138/138 MP: 8/17
 17866 | Lair:5   | Identified the +5 chain mail of Forking Paths {Drain rElec
                  | rF+ Int+3}
 18077 | Lair:5   | Reached skill level 10 in Dodging
 19138 | D:9      | Found a bloodstained altar of Trog.
 19267 | D:9      | Found a staircase to the Orcish Mines.
 19335 | D:9      | Found an ornate altar of the Wu Jian Council.
 20027 | D:12     | Noticed Rupert
 20093 | D:12     | Noticed Urug
 20096 | D:12     | Killed Urug
 20208 | D:12     | Paralysed by Rupert for 4 turns
 20328 | D:12     | Noticed Psyche
 20339 | D:12     | Killed Psyche
 20461 | D:12     | Noticed Kirke
 20470 | D:12     | Killed Kirke
 20560 | D:12     | Found Mudiro's General Store.
 21282 | D:13     | Found Juijew's Assorted Antiques.
 21286 | D:13     | Bought a runed plate armour for 884 gold pieces
 21339 | D:13     | Reached skill level 15 in Fighting
 22034 | D:14     | Found a gate to the Vaults.
 22854 | D:15     | Entered Level 15 of the Dungeon
 23041 | D:15     | Noticed Agnes
 23116 | D:15     | Killed Agnes
 23223 | D:15     | Reached XP level 16. HP: 151/151 MP: 10/19
 23297 | D:15     | Paralysed by a hornet for 3 turns
 23665 | D:15     | Identified the +10 sling of the Eel {speed, Str+7}
 23938 | D:15     | Found a staircase to the Depths.
 24178 | D:13     | Bought a runed great sword for 323 gold pieces
 24239 | D:12     | Killed Rupert
 24401 | Orc:1    | Entered Level 1 of the Orcish Mines
 24419 | Orc:1    | Reached skill level 15 in Ranged Weapons
 24441 | Orc:1    | Noticed Snorg
 24478 | Orc:1    | Killed Snorg
 24652 | Orc:2    | Entered Level 2 of the Orcish Mines
 24665 | Orc:2    | Noticed Donald
 25100 | Orc:1    | Succumbed to Donald's poison

Illustrated notes

Levels and vault maps discovered:
D:1:      lightli_arrival_lavapool, layout_basic, amcnicky_mini_corridor_feature
D:2:      layout_loops_cross, basic_altar, lemuel_flame_loot_1, uniq_sigmund
D:3:      layout_loops_corners, minmay_liquid_box, uniq_grinder, uniq_robin
D:4:      layout_basic, kennysheep_mini, nicolae_shop_overcharged_wands
D:5:      layout_basic, nicolae_qazlal_eye_of_the_storm,
          mainiacjoe_overflow_alcove_1, small_statue_intersection,
          corexii_checkpoint_b
D:6:      layout_basic, minmay_temple_entry_tees, gammafunk_ghost_necromancy,
          serial_shops, nicolae_stop_n_shop_2
D:7:      layout_rooms, mainiacjoe_overflow_cross_hatched, hangedman_ru_absence
D:8:      layout_layer_cave, lemuel_tele_altar, grunt_lair_entry_orc_guard_hut,
          serial_shops, nicolae_shop_trees
D:9:      minmay_the_grid_3x3 [minmay_the_grid_embedded,
          minmay_the_grid_zigzag_pyramid, minmay_the_grid_medium_cups,
          minmay_the_grid_dragon_a, minmay_the_grid_square_x,
          minmay_the_grid_expand, minmay_the_grid_doors,
          minmay_the_grid_outer_circle, minmay_the_grid_prize_inner_circle],
          layout_loops_cross, mainiacjoe_overflow_paths,
          nicolae_wu_jian_immortal_techniques, minmay_misc_feat_enclosed,
          chequers_decorated_corner, minmay_misc_feat_ornament
D:10:     minmay_skewed_foursquare, layout_cave_pools, gammafunk_ghost_cemetery,
          enter_bailey_3, uniq_harold, uniq_josephine, uniq_erica
D:11:     layout_roguey, minmay_radiant
D:12:     hellmonk_destroyed_diamonds, layout_irregular_city, serial_shops,
          shop, uniq_rupert, uniq_psyche, uniq_urug, uniq_kirke
D:13:     layout_small_grid, serial_shops, nicolae_shop_pleasant_corner_grove
D:14:     layout_grid_maze, erik_vaults_2, kennysheep_cross_room
D:15:     grunt_enter_depths_magical_seal, layout_loops_corners,
          chequers_arboretum, uniq_agnes
Temple:   nicolae_temple_two_arcs
Lair:1:   layout_loops_ring, gammafunk_ghost_split,
          eino_small_chamber_without_monster
Lair:2:   layout_hall_layers, portal_ice_cave_entry_imps, serial_bayou_pond_e,
          minivault_24, chequers_serial_rivers_micro_c, beast_lair_carwin_8,
          grunt_megastairs_5, serial_bayou_shore_b, infiniplex_staircase_pool,
          lemuel_fruit_tree
Lair:3:   layout_cave_pods, minmay_shoals_entry_hut, spider_nest_entry_webs,
          basic_altar
Lair:4:   layout_roguey, serial_bayou_shore_a
Lair:5:   minmay_lair_end_enchanted_forest, layout_layer_cave, slime_entry_1,
          infiniplex_staircase_pool_2, grunt_megastairs_3
Orc:1:    layout_caves, rock_pile, uniq_snorg
Orc:2:    st_orc_mages, layout_caves, serial_shops, nicolae_shop_statue_plus,
          guppyfry_orc_lava_fort, uniq_donald

Skill      XL: |  1  2  3  4  5  6  7  8  9 10 11 12 13 14 15 16 |
---------------+-------------------------------------------------+-----
Long Blades    | 4 5 7 8 9 10 11 14 15 16 | 16.0
Armour         | 4 6 10 12 14 | 14.0
Fighting       | 4 6 8 10 12 14 16 | 16.0
Shields        | 3 |  3.0
Evocations     | 2 5 |  5.0
Invocations    | 5 8 |  8.0
Dodging        | 6 7 10 | 10.0
Ranged Weapons | 6 11 12 14 15 | 15.3
Throwing       | |  2.0

Action                     |  1- 3 |  4- 6 |  7- 9 | 10-12 | 13-15 | 16-18 || total
---------------------------+-------+-------+-------+-------+-------+-------++-------
  Melee: Long sword        |    64 |    73 |   278 |   281 |       |       ||   696
         Headbutt          |    11 |    12 |    53 |   124 |   109 |    56 ||   365
         Short sword       |       |       |     6 |       |       |       ||     6
         Punch             |       |       |     3 |     8 |     7 |     3 ||    21
         Scimitar          |       |       |       |   284 |   400 |   193 ||   877
   Fire: Arbalest          |       |       |       |    59 |   321 |    58 ||   438
  Throw: Throwing net      |       |     1 |       |       |       |       ||     1
 Invoke: Wall of Briars    |       |       |       |     1 |     1 |       ||     2
  Evoke: Wand              |       |       |       |     5 |       |       ||     5
    Use: Scroll            |     6 |       |     5 |     5 |    15 |       ||    31
         Potion            |       |       |     1 |     2 |     2 |     1 ||     6
   Stab: Held in net/web   |       |     1 |       |       |       |       ||     1
         Sleeping          |       |       |     5 |       |       |       ||     5
         Distracted        |       |       |       |     3 |       |       ||     3
         Petrifying        |       |       |       |       |     1 |       ||     1
 Armour: Ring mail         |    23 |    15 |    74 |   154 |   131 |       ||   397
         Plate armour      |       |       |       |       |    67 |   113 ||   180
  Dodge: Dodged            |    40 |    26 |   147 |   242 |   236 |   109 ||   800
